AoeStats
← 体制少妇白洁

Socotra

505896866Analyzed
4v4 RM · 21d ago on Sep 11, 2026· 20m 22s· 8 players
Game mode
Random Map
Map size
148×148
Population
200
Speed
Normal
Resources
Standard
Victory
Conquest
Starting age
Dark Age
Ending age
Imperial Age
RankedLock teamsTeams togetherTeam positionsShared explorationLock speedFull tech treeHidden civsTurbo modeCheats
Victory
Defeat
🇨🇳 Berbers · China
1412
+18
🇩🇴 Huns · Dominican Republic
1412
+18
🇨🇳 Japanese · China
1409
+18
🇹🇼 Magyars · Taiwan
1389
+19
🇭🇰 Ethiopians · Hong Kong SAR China
1543
-23
🇨🇳 Bengalis · China
1521
-21
🇨🇳 Muisca · China
1431
-17
Promise999
0:58 Loom
9:49 Feudal Age
13:46 Double-Bit Axe
21:16 Castle Age
19:36 Fletching
RD | RuJasonSh
8:54 Feudal Age
7:45 Loom
9:28 Double-Bit Axe
9:39 Horse Collar
15:11 Scale Barding Armor
适才相戏尔
2:33 Loom
15:07 Feudal Age
15:39 Double-Bit Axe
16:19 Man-at-Arms
17:23 Stone Mining
18:02 Gold Mining
TwBestShaco
6:10 Loom
8:57 Feudal Age
9:36 Double-Bit Axe
9:55 Horse Collar
17:11 Wheelbarrow
17:12 Gold Mining
21:29 Castle Age
体制少妇白洁
6:37 Loom
8:54 Feudal Age
10:18 Town Watch
10:38 Double-Bit Axe
12:43 Fletching
16:24 Horse Collar
20:23 Wheelbarrow
YiTiaoQu
8:54 Feudal Age
16:53 Scale Barding Armor
18:09 Forging
19:56 Wheelbarrow
22:09 Castle Age
夫国之有民,犹水之有舟,停则以安,扰则以危
11:18 Feudal Age
10:01 Loom
15:12 Castle Age
13:14 Double-Bit Axe
13:52 Horse Collar
15:22 Fletching
cookie tin
4:14 Loom
5:08 Loom
17:07 Feudal Age
17:49 Double-Bit Axe
20:01 Horse Collar
Connection lost

Rejoining the realm…

Still unreachable

The connection could not be restored.

Session expired

The server has moved on; the page needs a fresh start.